 Dungeon Crawl Stone Soup version 0.19.0-19-g8c6edcc (webtiles) character file.

198 Leybi the Covert (level 5, -3/26 HPs)
             Began as a Vine Stalker Assassin on Nov 14, 2016.
             Killed by nerve-wracking pain
             ... invoked by an orc priest
              (7 damage)
             ... on level 3 of the Dungeon.
             The game lasted 00:07:01 (2193 turns).

Leybi the Covert (Vine Stalker Assassin)            Turns: 2193, Time: 00:07:02

Health: -3/26      AC:  3    Str: 13    XL:     5   Next: 76%
Magic:  0/6        EV: 12    Int: 11    God:
Gold:   78         SH:  0    Dex: 17    Spells: 0 memorised, 4 levels left

rFire  . . .     SeeInvis .     a - +2 dagger
rCold  . . .     Gourm    .     c - +0 robe
rNeg   . . .     Faith    .     (no shield)
rPois  .         Spirit   +     (no helmet)
rElec  .         Reflect  .     d - +0 cloak
rCorr  .         Harm     .     (no gloves)
MR     .....                    (no boots)
Stlth  ++++......               (no amulet)
                                (no ring)
                                (no ring)

@: no status effects
A: fangs 2, regeneration 1, magic shield, antimagic bite, no device heal 3, rot
immunity
a: no special abilities


You were on level 3 of the Dungeon.
You were not hungry.

You visited 1 branch of the dungeon, and saw 3 of its levels.

You collected 78 gold pieces.

Inventory:

Hand Weapons
 a - a +2 dagger (weapon)
 b - a +0 blowgun
Missiles
 e - 8 poisoned needles
 f - 2 curare-tipped needles
Armour
 c - a +0 robe (worn)
 d - a +0 cloak (worn)
 p - a cursed +0 ring mail
Wands
 t - a wand of teleportation (5/9)
Scrolls
 h - 3 scrolls of identify {unknown}
 i - a scroll of teleportation {unknown}
 q - a scroll of recharging {unknown}
 w - a scroll of random uselessness {unknown}
 y - a scroll of immolation {unknown}
Potions
 k - a potion of heal wounds {unknown}
 m - a potion of berserk rage {unknown}
 n - 3 potions of curing {unknown}
 o - 2 potions of might {unknown}
 r - a potion of haste {unknown}
 s - a potion of degeneration {unknown}
 v - a potion of magic {unknown}
 z - a potion of resistance {unknown}
Comestibles
 g - 3 bread rations
 j - 3 meat rations
 l - 3 beef jerkies
 u - 3 chunks of flesh
 x - a slice of pizza


   Skills:
 - Level 1.7 Fighting
 + Level 2.1 Short Blades
 - Level 1.7 Throwing
 * Level 1.7 Dodging
 - Level 8.0 Stealth


You had 4 spell levels left.
You didn't know any spells.

Dungeon Overview and Level Annotations

Branches:
Dungeon (3/15)

Altars:


Innate Abilities, Weirdness & Mutations

You have extremely sharp teeth.
Your natural rate of healing is unusually fast.
When hurt, damage is shared between your health and your magic reserves.
Your bite disrupts and absorbs the magic of your enemies.
Potions and wands cannot restore your health.
You are immune to rotting.


Message History

You bite the orc priest, but do no damage.
The orc priest is lightly wounded.
The orc priest closely misses you. The orc barely misses you.
You hit the orc priest. Your bite misses the orc priest.
The orc priest is lightly wounded.
The orc priest closely misses you. The orc barely misses you.
You barely miss the orc priest.
You bite the orc priest, but do no damage.
The orc priest is lightly wounded.
The orc priest hits you with a club.
* * * LOW HITPOINT WARNING * * *
You hit the orc priest but do no damage.
You bite the orc priest, but do no damage.
The orc priest is lightly wounded.
The orc hits you from afar with a trident.
* * * LOW HITPOINT WARNING * * *
The orc priest miscasts a cantrip.
The orc priest invokes the aid of Beogh against you.
Pain shoots through your body!
You die...

o...### ###### ...[...
....... ....##. ####### ....#
# ....# # #...# # .###
.####.#######################
........)$.oo..@........<...#
....#.###################.# #
# #.# #######.####
[.......[).. #######.####
#..... ######


You could see an orc priest and an orc.

Vanquished Creatures
  Natasha (thrice) (D:2)
  4 adders
  3 worms (D:2)
  2 dart slugs
  10 orcs
  2 ball pythons (D:2)
  8 bats
  4 giant cockroaches
  10 goblins
  7 hobgoblins
  4 jackals (D:1)
  5 kobolds
  A frilled lizard (D:3)
  2 rats
65 creatures vanquished.

Vanquished Creatures (others)
  4 toadstools (D:1)
4 creatures vanquished.

Grand Total: 69 creatures vanquished

Notes
Turn   | Place    | Note
-------+----------+-------------------------------------------
     0 | D:1      | Leybi the Vine Stalker Assassin began the quest for the Orb.
     0 | D:1      | Reached XP level 1. HP: 11/11 MP: 2/2
   100 | D:1      | Reached skill level 5 in Stealth
   185 | D:1      | Reached XP level 2. HP: 15/15 MP: 3/3
   509 | D:1      | Reached skill level 6 in Stealth
   527 | D:1      | Reached XP level 3. HP: 17/18 MP: 2/4
   773 | D:2      | Noticed Natasha
   776 | D:2      | Killed Natasha
   962 | D:2      | Gained mutation: Your natural rate of healing is unusually fast. [Vine Stalker growth]
   962 | D:2      | Reached XP level 4. HP: 13/23 MP: 5/5
  1057 | D:2      | Reached skill level 7 in Stealth
  1204 | D:2      | Noticed Natasha
  1359 | D:2      | Killed Natasha
  1423 | D:2      | Noticed Natasha
  1438 | D:2      | Killed Natasha
  1438 | D:2      | Reached XP level 5. HP: 12/26 MP: 6/6
  1484 | D:2      | Reached skill level 8 in Stealth
  1582 | D:2      | Reached skill level 1 in Dodging
  2187 | D:3      | HP: 1/26 [orc/trident (5)]
  2193 | D:3      | Killed from afar by an orc priest

Skill      XL: |  1  2  3  4  5 |
---------------+----------------+-----
Stealth        | 5 6 7 8 |  8.0
Dodging        | 1 |  1.7
Short Blades   | 2 |  2.1
Fighting       | |  1.7
Throwing       | |  1.7

Action                   |  1- 3 |  4- 6 || total
-------------------------+-------+-------++-------
Melee: Dagger            |    56 |   133 ||   189
       Bite              |    16 |    36 ||    52
 Stab: Sleeping          |     7 |    11 ||    18
  Eat: Chunk             |       |     4 ||     4
Armor: Robe              |     8 |    22 ||    30
Dodge: Dodged            |    23 |    66 ||    89
